Map: Seeds of Aiur

Players

noukazizidur

  • Race: Terran Terran
  • League: Platinum
  • Spawn Location: 7:00

ILIEKEGGPIE

  • Race: Protoss Protoss
  • League: Platinum
  • Spawn Location: 7:00

david

  • Race: Zerg Zerg
  • Spawn Location: 1:00

LostDay

  • Race: Terran Terran
  • League: Silver
  • Spawn Location: 1:00

VOD

Have the link to the VOD?

Description

Time

  • Played on: April 11, 2018, 11:07 a.m.
  • Length: 11:42
Show
View Real Time Build Order
Export as new Build Order

noukazizidur Terran 

Build Orders:  

Get SALT Encoding   

  12  0:03  SCV  
  13  0:15  SCV  
  14  0:27  SCV  
  15  0:34  Supply Depot  
  15  0:55  SCV  
  16  0:58  Barracks  
  16  1:09  Barracks  
  16  1:10  Barracks  
  16  1:17  Barracks  
  16  1:37  Barracks  
  16  1:38  SCV  
  17  1:56  Marine x2  
  17  1:57  Marine  
  20  2:09  Supply Depot  
  20  2:13  Marine  
  21  2:16  Marine x2  
  23  2:30  Marine x2, SCV  
  23  2:31  Supply Depot  
  26  2:39  Marine x2  
  26  2:40  Marine  
  29  2:47  Orbital Command  
  29  3:02  Marine x4  
  29  3:03  Marine  
  34  3:17  Supply Depot  
  34  3:20  Marine x3  
  37  3:33  Marine  
  37  3:34  Marine  
  39  3:38  Marine x3  
  42  3:46  Supply Depot  
  42  3:51  Marine x2  
  37  4:21  Marine x5  
  37  4:38  Marine  
  37  4:39  Marine x4  
  35  4:56  Marine  
  35  4:57  Marine x3  
  35  4:58  Marine  
  35  5:14  Marine  
  35  5:15  Marine x3  
  35  5:16  Marine  
  40  5:26  Refinery  
  40  5:32  Marine x3  
  40  5:33  Marine x2  
  40  5:50  Marine x3  
  40  5:51  Marine x2  
  28  6:07  Marine  
  28  6:08  Marine x2  
  28  6:09  Marine x2  
  30  6:23  Bunker  
  30  6:25  Marine  
  30  6:26  Marine x3  
  30  6:27  Marine  
  30  6:31  Command Center  
  35  6:37  Refinery, SCV  
  36  6:43  Marine  
  36  6:44  Marine x3  
  36  6:45  Marine  
  41  6:49  SCV  
  42  7:01  Marine x3  
  30  7:50  Marine x4  
  30  7:51  Marine  
  35  8:06  SCV, Factory  
  35  8:08  Marine x5  
  41  8:18  SCV  
  42  8:25  Marine  
  42  8:26  Marine x4  
  47  8:28  Orbital Command  
  47  8:31  SCV  
  47  8:32  Refinery  
  48  8:43  Marine x2, SCV  
  51  8:51  Factory  
  51  8:55  SCV  
  52  8:58  Refinery  
  52  9:07  SCV  
  53  9:10  Barracks Reactor, Barracks Tech Lab  
  53  9:11  Barracks Reactor  
  53  9:12  Barracks Reactor  
  53  9:19  SCV  
  53  9:22  Barracks Tech Lab  
  54  9:29  Marine  
  55  9:42  Marine  
  56  9:46  Marine  
  56  9:47  Marine x3  
  56  9:48  Marine x3  
  63  9:59  Marine  
  63  10:04  Marine  
  63  10:05  Marine x4  
  63  10:06  Marine  
  70  10:15  Marine  
  70  10:17  Marine  
  65  10:22  Marine x2  
  65  10:23  Marine x3  
  65  10:24  Marine  
  70  10:33  Marine  
  70  10:36  Marine  
  70  10:46  Supply Depot  
  70  10:56  Supply Depot  
  70  11:07  Marine x6, SCV x2  
  78  11:17  Marine x2  
Show
View Real Time Build Order
Export as new Build Order

ILIEKEGGPIE Protoss 

Build Orders: 1 Gate Expand 

Get SALT Encoding   

  12  0:01  Probe  
  13  0:13  Probe  
  14  0:19  Pylon  
  14  0:26  Probe (Chrono Boost)  
  15  0:38  Probe (Chrono Boost)  
  15  0:39  Gateway  
  16  0:45  Probe (Chrono Boost)  
  17  0:53  Assimilator, Probe  
  18  1:06  Probe  
  19  1:18  Probe  
  20  1:31  Nexus  
  20  1:39  Cybernetics Core  
  19  1:48  Probe  
  20  2:00  Probe  
  21  2:07  Assimilator  
  21  2:14  Pylon  
  21  2:21  Gateway  
  21  2:24  Adept  
  21  2:25  Gateway  
  21  2:29  Warp Gate  
  23  2:32  Probe  
  24  2:51  Adept (Chrono Boost)  
  26  3:00  Probe  
  26  3:01  Probe  
  28  3:08  Adept (Chrono Boost)  
  28  3:09  Adept  
  28  3:12  Adept  
  34  3:20  Probe (Chrono Boost)  
  34  3:26  Probe (Chrono Boost)  
  36  3:34  Probe (Chrono Boost)  
  37  3:45  Twilight Council  
  37  3:48  Robotics Facility  
  37  3:49  Probe (Chrono Boost)  
  37  3:55  Probe (Chrono Boost)  
  39  3:59  Probe (Chrono Boost)  
  32  5:00  Stalker x3  
  32  5:03  Immortal  
  41  5:15  Pylon x2  
  41  5:17  Pylon  
  41  5:23  Shield Battery  
  41  5:26  Gateway  
  41  5:29  Gateway  
  37  5:39  Adept  
  37  5:40  Adept x2  
  41  5:57  Pylon  
  41  5:59  Pylon  
  39  6:07  Stalker x2  
  39  6:19  Gateway  
  39  6:21  Gateway  
  39  6:28  Stalker  
  39  6:31  Adept x2  
  45  6:57  Blink (Chrono Boost)  
  45  7:15  Adept  
  46  7:19  Pylon  
  46  7:29  Adept x2  
  44  8:05  Nexus  
  44  8:08  Pylon  
  44  8:13  Probe (Chrono Boost)  
  44  8:18  Forge  
  45  8:23  Probe (Chrono Boost)  
  46  8:27  Probe (Chrono Boost)  
  46  8:28  Warp Prism (Chrono Boost)  
  46  8:32  Assimilator  
  49  8:39  Probe  
  48  9:00  Protoss Ground Weapons Level 1 (Chrono Boost)  
  48  9:11  Stalker  
  48  9:12  Stalker x3  
  52  9:38  Stalker x3  
  47  9:47  Adept  
  49  9:55  Zealot  
  23  10:31  Adept  
Show
View Real Time Build Order
Export as new Build Order

david Zerg 

Build Orders: Pool First 

Get SALT Encoding   

  12  0:02  Drone  
  13  0:10  Drone  
  14  0:28  Spawning Pool  
  14  0:31  Drone  
  14  0:40  Overlord  
  14  1:08  Hatchery, Drone  
  14  1:12  Drone  
  14  1:16  Zergling x2  
  16  1:23  Zergling x2  
  17  1:40  Queen, Extractor  
  17  1:41  Drone  
  17  1:42  Drone  
  20  1:59  Drone  
  21  2:03  Overlord  
  21  2:13  Drone  
  22  2:20  Queen  
  22  2:21  Drone  
  25  2:26  Drone  
  26  2:34  Drone  
  27  2:37  Drone  
  28  2:44  Drone  
  28  2:49  Drone  
  30  3:01  Spore Crawler  
  30  3:04  Spine Crawler  
  28  3:06  Drone x3  
  28  3:10  Drone x2  
  33  3:18  Roach Warren  
  33  3:19  Evolution Chamber  
  31  3:22  Extractor  
  31  3:25  Spine Crawler  
  29  3:29  Spine Crawler  
  29  3:32  Drone x2  
  29  3:37  Overlord  
  29  3:42  Zergling x2  
  29  3:44  Zergling x2  
  29  3:47  Zergling x2  
  31  3:48  Zergling x2  
  32  3:56  Zergling x2  
  31  4:11  Roach x2  
  31  4:14  Overlord x3  
  22  4:25  Roach x2  
  22  4:27  Roach  
  20  4:39  Roach  
  21  4:59  Drone  
  22  5:00  Drone  
  23  5:10  Drone  
  22  5:31  Drone  
  22  5:33  Drone  
  22  5:35  Drone  
  25  5:40  Drone  
  26  5:45  Drone  
  27  6:17  Drone x4  
  27  6:18  Drone x3  
  34  6:27  Drone x2  
  36  6:33  Drone  
  36  6:35  Drone  
  36  6:38  Drone  
  39  6:41  Drone  
  39  6:43  Drone  
  39  6:46  Drone  
  42  6:48  Drone  
  42  6:50  Drone  
  44  6:59  Extractor  
  43  7:02  Drone x2, Extractor  
  43  7:03  Drone x3  
  47  7:22  Drone x3  
  48  7:23  Drone  
  48  7:28  Lair  
  43  7:31  Drone x2  
  43  7:32  Drone x5  
  48  7:39  Drone  
  48  7:42  Zerg Missile Weapons Level 1  
  49  8:01  Hatchery  
  49  8:03  Extractor  
  49  8:04  Extractor  
  46  8:06  Roach x4  
  46  8:07  Roach  
  46  8:09  Roach  
  58  8:18  Drone x2  
  60  8:20  Overlord x2  
  60  8:24  Overlord  
  60  8:29  Glial Reconstitution  
  60  8:47  Roach x3  
  62  8:50  Roach  
  56  8:57  Hatchery, Roach x2  
  56  8:58  Roach  
  56  9:00  Overseer, Extractor  
  60  9:06  Roach x2  
  60  9:09  Roach  
  66  9:14  Pneumatized Carapace  
  66  9:21  Drone x3  
  70  9:24  Drone x2  
  70  9:28  Drone x2  
  70  9:29  Drone x3  
  76  9:39  Spire  
  76  9:44  Infestation Pit  
  74  9:51  Spire  
  73  9:54  Overseer  
  73  10:02  Roach x2  
  73  10:03  Roach x3  
  83  10:11  Drone x3  
  83  10:12  Drone x2  
  83  10:13  Drone  
  89  10:16  Drone  
  88  10:42  Overlord x5  
  84  10:57  Roach x2  
  84  11:02  Mutalisk x5  
  93  11:11  Roach  
  93  11:12  Roach x2  
  97  11:19  Drone x5  
  97  11:20  Drone  
  97  11:24  Drone x3  
Show
View Real Time Build Order
Export as new Build Order

LostDay Terran 

Build Orders:  

Get SALT Encoding   

  12  0:01  SCV  
  13  0:13  SCV  
  14  0:25  SCV  
  15  0:32  Supply Depot  
  15  0:53  SCV  
  16  1:00  Supply Depot  
  16  1:22  Supply Depot  
  16  1:30  Barracks x2  
  16  1:34  SCV  
  17  1:46  SCV  
  18  1:58  SCV  
  19  2:08  Supply Depot  
  19  2:23  Barracks  
  19  2:26  Barracks  
  19  2:29  Marine x2  
  21  2:37  Supply Depot  
  21  2:43  SCV  
  22  2:48  Refinery  
  22  2:51  Marine x2  
  24  3:09  Marine x2  
  26  3:15  Barracks  
  26  3:24  Barracks, Marine x2  
  28  3:35  Marine x2  
  30  4:01  Marine x2  
  30  4:02  Marine x3  
  35  4:18  Marine  
  35  4:19  Marine x2  
  35  4:20  Marine x3  
  41  4:36  Marine  
  41  4:37  Marine x3  
  41  4:38  Marine x2  
  44  5:15  Marine x3  
  44  5:16  Marine x3  
  50  5:33  Marine x4  
  50  5:34  Marine x2  
  26  6:14  Marine x4  
  26  6:15  Marine x2  
  31  6:32  Marine x4  
  34  6:39  Marine x2  
  37  6:49  Marine  
  37  6:50  Marine  
  39  7:02  Marine x4  
  39  7:07  Marine x2  
  45  7:20  Marine x4  
  28  7:38  Marine x4  
  28  7:39  Marine x2  
  28  7:56  Marine x4  
  28  7:57  Marine x2  
  33  8:07  SCV  
  34  8:14  Marine x2  
  36  8:23  Marine x2  
  36  8:24  Command Center  
  36  8:26  Marine  
  39  8:31  Marine  
  40  8:48  Marine x4  
  42  8:51  Marine  
  42  8:55  Marine  
  39  9:43  Marine x4  
  39  9:44  Marine x2  
  45  10:01  Marine x4  
  45  10:02  Marine  
  29  10:37  Marine x2  
  29  10:38  Marine x4  
  32  10:55  Marine  
Tags
 
Add a new tag
Caveats
  • Supply blocks, unpowered buildings, or Contaminate may cause inaccurate times.
  • Supply counts are checked every 10 seconds.